 Dungeon Crawl Stone Soup version 0.27.0-1-g7a089689b8 (webtiles) character file.

Game seed: 16280232805001115635

1284 sanka the Magician (level 8, -5/56 HPs)
             Began as a Djinni Fighter on Aug 5, 2021.
             Was an Initiate of Makhleb.
             Killed from afar by a white imp (10 damage)
             ... with a puff of frost
             ... on level 6 of the Dungeon.
             The game lasted 00:12:39 (8514 turns).

sanka the Magician (Djinni Fighter)                 Turns: 8514, Time: 00:12:40

Health: -5/56      AC:  4    Str: 15    XL:     8   Next: 85%
Gold:   160        EV: 13    Int: 12    God:    Makhleb [......] SH:  0 Dex: 13

rFire    + + .     SeeInvis .   a - +0 long sword
rCold    x . .     Faith    .   (no shield)
rNeg     . . .     Spirit   .   r - +1 leather armour {Will+}
rPois    ∞         Reflect  .   (no helmet)
rElec    .         Harm     .   (no cloak)
rCorr    .         Rampage  .   (no gloves)
Will     +....                  (boots unavailable)
Stlth    +.........             (no amulet)
HPRegen  0.18/turn              (no ring)
MPRegen  0.00/turn              l - ring of wizardry

@: mighty, flying
A: sickness immunity, fire resistance 2, cold vulnerability 1, float, innate
caster, hp casting, extra vitality 1
a: Renounce Religion


You were on level 6 of the Dungeon.
You worshipped Makhleb.
Makhleb was noncommittal.
You visited 1 branch of the dungeon, and saw 6 of its levels.

You collected 160 gold pieces.


Innate Abilities, Weirdness & Mutations

You are immune to sickness and miasma.
You are immune to poison.
Your flesh is very heat resistant. (rF++)
You are vulnerable to cold. (rC-)
You float through the air rather than walking.
You learn spells naturally, not from books.
Your magical power is your life essence.
You have superior vitality. (+4 HP)


   Skills:
 - Level 3.0 Fighting
 - Level 3.0 Long Blades
 - Level 3.0 Armour
 + Level 5.8 Dodging
 - Level 3.0 Shields
 - Level 6.0 Spellcasting


You had 14 spell levels left.
You knew the following spells:

 Your Spells              Type           Power      Damage    Failure   Level
y - Foxfire               Conj/Fire      72%        2x1d7     1%          1
z - Ensorcelled Hibernat  Hex/Ice        36%        N/A       1%          2
Z - Static Discharge      Conj/Air       18%        N/A       1%          2
Your spell library was empty.

Inventory:

Hand Weapons
 a - a +0 long sword (weapon)
Missiles
 m - 19 poisoned darts
 o - 8 curare-tipped darts {=f}
 s - a throwing net {=f}
Armour
 b - a +0 scale mail
 c - a +0 kite shield
 r - a +1 leather armour of willpower (worn)
Jewellery
 l - a ring of wizardry (right hand)
Wands
 n - a wand of mindburst (9)
Scrolls
 f - 2 scrolls of enchant weapon {unknown}
 g - 8 scrolls of identify {unknown}
 h - a scroll of brand weapon {unknown}
 i - 2 scrolls of immolation {unknown}
 j - a scroll of fear {unknown}
 p - 2 scrolls of fog {unknown}
 t - a scroll of magic mapping {unknown}
 v - a scroll of amnesia {unknown}
Potions
 e - 2 potions of curing {@q1}
 k - a potion of degeneration {unknown}
 q - a potion of haste {unknown}
 u - a potion of flight {unknown}

Dungeon Overview and Level Annotations

Branches:
Dungeon (6/15)             Temple (0/1) D:5

Altars:
Makhleb
Okawaru

Shops:
D:1 =   D:5 :

Annotations:
D:6 2 runed translucent doors, wakim's ghost, novice DEIE

▒..▒F≈≈▒▒.▒..▒▒.....▒
▒..▒w≈≈▒......▒.....▒
▒..▒w≈≈▒▒.▒.▒......▒▒
▒..▒≈!w▒▒...▒.....▒▒
▒.▒▒≈≈≈▒▒..▒▒.▒...▒
▒▒▒▒▒▒.▒▒≈≈r▒▒..▒▒[....▒
▒(......▒≈≈≈▒▒.....▒..▒▒
▒.......▒≈≈S▒[...▒▒▒..▒.
▒.......▒▒+▒▒ZR.........
▒.......▒...>▒5▒▒▒▒▒..▒▒▒
▒............).▒ ▒...
▒▒▒▒▒▒▒..▒..▒▒.▒ ..
▒.▒▒.▒▒▒..▒ ...▒▒..▒▒....
▒.▒▒▒▒▒.▒▒..▒.. ▒.
▒.▒▒...... . ▒.▒▒.▒▒▒5▒


You could see a white imp and a howler monkey zombie.


Message History

The scorpion is severely wounded.
The scorpion stings you!
* * * LOW HITPOINT WARNING * * *
The scorpion stings you.
* * * LOW HITPOINT WARNING * * *
The scorpion closely misses you.
You riposte.
You hit the scorpion.
The scorpion is almost dead.
The howler monkey zombie hits you but does no damage.
You slash the scorpion!
You kill the scorpion!
Makhleb accepts your kill.
The howler monkey zombie hits you but does no damage.
You barely miss the white imp. The white imp hits you.
* * * LOW HITPOINT WARNING * * *
The white imp freezes you.
You feel a terrible chill!
* * * LOW HITPOINT WARNING * * *
The howler monkey zombie hits you.
* * * LOW HITPOINT WARNING * * *
The white imp barely misses you.
You hit the white imp.
The white imp is lightly wounded.
The howler monkey zombie completely misses you.
The white imp gestures at you. The puff of frost hits you!
You feel a terrible chill!
You die...

Action                   |  1- 3 |  4- 6 |  7- 9 || total
-------------------------+-------+-------+-------++-------
Melee: Long sword        |   107 |   232 |    68 ||   407
 Cast: Foxfire           |       |    18 |    38 ||    56
       Static Discharge  |       |       |     6 ||     6
  Use: Potion            |       |     1 |     3 ||     4
 Stab: Sleeping          |       |       |     1 ||     1
Armor: Scale mail        |    47 |    94 |       ||   141
       Leather armour    |       |    15 |    26 ||    41
Dodge: Dodged            |    23 |    63 |    60 ||   146
Block: Kite shield       |    52 |    84 |       ||   136
       Rpst.: Long sword |    11 |    22 |    22 ||    55

Levels and vault maps discovered:
D:1:      arrival_zaba_pyramid, layout_basic, serial_shops, shop,
          minmay_quantized
D:2:      layout_basic
D:3:      layout_basic, demons_altar, shapermc_ecumenical_altar_petra,
          grunt_ministairs_8, minmay_misc_feat_rugged
D:4:      layout_basic, okawaru_ov_weapons_minmay, palyth_stone_intersect
D:5:      layout_basic, minmay_temple_entry_glassed_door, serial_shops,
          nicolae_shop_temple_entry_statues_fountains, minmay_fountain_box,
          uniq_grinder
D:6:      old_forge, layout_rooms, serial_corexii_hall, corexii_hall_statues_l,
          corexii_hall_statues_s, corexii_hall_statues_t,
          chequers_hall_statues_corner_a, ebering_ghost_sewer_f,
          amethyst_killhole, minmay_manual_monstrance

Notes
Turn   | Place    | Note
-------+----------+-------------------------------------------
     0 | D:1      | sanka the Djinni Fighter began the quest for the Orb.
     0 | D:1      | Reached XP level 1. HP: 20/20 MP: 0/0
   103 | D:1      | Reached skill level 2 in Long Blades
   228 | D:1      | Reached XP level 2. HP: 20/25 MP: 0/0
   435 | D:1      | Found Gucoxof's Jewellery Emporium.
   598 | D:1      | Reached XP level 3. HP: 30/30 MP: 0/0
   598 | D:1      | Learned a level 1 spell: Foxfire
   629 | D:1      | Reached skill level 3 in Long Blades
   947 | D:1      | Reached skill level 1 in Spellcasting
  1343 | D:2      | Reached XP level 4. HP: 34/35 MP: 0/0
  1848 | D:2      | Reached skill level 2 in Spellcasting
  2461 | D:3      | Reached XP level 5. HP: 39/40 MP: 0/0
  2461 | D:3      | Learned a level 2 spell: Static Discharge
  3040 | D:3      | Reached skill level 3 in Spellcasting
  3159 | D:3      | Found a burning altar of Makhleb.
  3647 | D:3      | Reached XP level 6. HP: 31/46 MP: 0/0
  4263 | D:3      | Found a faded altar of an unknown god.
  4310 | D:3      | Became a worshipper of Makhleb the Destroyer
  4456 | D:3      | Found a burning altar of Makhleb.
  4886 | D:3      | Found a faded altar of an unknown god.
  5310 | D:4      | Reached skill level 4 in Spellcasting
  6219 | D:4      | Found an iron altar of Okawaru.
  6341 | D:4      | Reached XP level 7. HP: 13/50 MP: 0/0
  6341 | D:4      | Learned a level 2 spell: Ensorcelled Hibernation
  6832 | D:5      | Entered Level 5 of the Dungeon
  6956 | D:5      | Noticed Grinder
  6987 | D:5      | Killed Grinder
  6988 | D:5      | Reached skill level 5 in Spellcasting
  7258 | D:5      | Found a staircase to the Ecumenical Temple.
  7307 | D:5      | Found Buley's Book Emporium.
  7635 | D:5      | Noticed a steam dragon
  7651 | D:5      | Killed a steam dragon
  7652 | D:5      | Reached XP level 8. HP: 28/56 MP: 0/0
  7780 | D:5      | Reached skill level 6 in Spellcasting
  7780 | D:5      | Reached skill level 1 in Dodging
  8130 | D:5      | Reached skill level 2 in Dodging
  8255 | D:6      | Reached skill level 3 in Dodging
  8366 | D:6      | Found a runed translucent door.
  8366 | D:6      | Noticed wakim's ghost (novice DEIE)
  8462 | D:6      | Found a runed translucent door.
  8477 | D:6      | Reached skill level 4 in Dodging
  8484 | D:6      | Reached skill level 5 in Dodging
  8513 | D:6      | HP: 5/56 [howler monkey zombie (2)]
  8514 | D:6      | Killed from afar by a white imp

Vanquished Creatures
  Grinder (D:5)
  A steam dragon (D:5)
  A water moccasin (D:6)
  An ice beast (D:5)
  A centaur (D:6)
  An ogre (D:6)
  2 scorpions
  2 water moccasin skeletons
  3 iron imps (D:3)
  A jelly (D:4)
  A bullfrog skeleton (D:6)
  2 orc wizards (D:3)
  A hound skeleton (D:4)
  A howler monkey zombie (D:5)
  6 adders
  A white imp (D:4)
  An ufetubus (D:4)
  A worm (D:2)
  4 dart slugs
  4 orcs
  11 ball pythons
  10 endoplasms
  5 giant cockroaches
  4 goblins
  11 hobgoblins
  9 jackals
  5 quokkas
  6 bats
  3 frilled lizards
  5 kobolds
  9 rats
114 creatures vanquished.

Vanquished Creatures (others)
  98 foxfires
  A plant (D:3)
99 creatures vanquished.

Grand Total: 213 creatures vanquished
